 Dungeon Crawl Stone Soup version 0.29.1-2-gbd0b4ee654 (webtiles) character file.

Game seed: 7688924776501772714

5179 LustLizard the Markself (level 10, -3/61 HPs)
             Began as a Deep Elf Hunter on Nov 9, 2022.
             Was a High Priest of Okawaru.
             Slain by an orc warlord
             ... wielding a +3 broad axe
              (29 damage)
             ... in a bailey.
             The game lasted 00:29:46 (10022 turns).

LustLizard the Markself (Deep Elf Hunter)          Turns: 10022, Time: 00:29:46

Health: -3/61      AC: 14    Str: 10    XL:     10   Next: 34%
Magic:  11/12      EV: 19    Int: 20    God:    Okawaru [*****.]
Gold:   93         SH:  0    Dex: 26    Spells: 9/9 levels left

rFire   + . .      SeeInvis +   p - +6 sling of Mirphilask {speed, Contam Int+5}
rCold   . . .      Faith    .   (no shield)
rNeg    . . .      Spirit   .   F - +0 ring mail
rPois   +          Reflect  .   u - +2 helmet {SInv}
rElec   +          Harm     .   (no cloak)
rCorr   .          Rampage  .   (no gloves)
Will    +....                   C - +0 pair of boots
Stlth   +++++.....              s - amulet of the acrobat
HPRegen 0.20/turn               i - ring of the Falcon {rElec rPois rF+ Dex+6}
MPRegen 0.13/turn               I - +4 ring of protection

@: heroic
A: no striking features
a: Renounce Religion, Heroism, Finesse, Duel


You were in a bailey.
You worshipped Okawaru.
Okawaru was extremely pleased with you.
You visited 2 branches of the dungeon, and saw 9 of its levels.
You also visited: Ossuary and Bailey.

You collected 439 gold pieces.
You spent 346 gold pieces at shops.

Inventory:

Hand Weapons
 o - a +0 arbalest
 p - the +6 sling of Mirphilask (weapon) {speed, Contam Int+5}
   (You found it on level 2 of the Dungeon)

   Attacks with this weapon are significantly faster.
   Int:       It affects your intelligence (+5).
   Contam:    It causes magical contamination when unequipped.
Armour
 u - a +2 helmet of see invisible (worn)
 C - a +0 pair of boots (worn)
 F - a +0 ring mail (worn)
Jewellery
 i - the ring of the Falcon (left hand) {rElec rPois rF+ Dex+6}
   (You found it on level 2 of the Dungeon)

   [ring of dexterity]

   Dex:       It affects your dexterity (+6).
   rF:        It protects you from fire.
   rElec:     It insulates you from electricity.
   rPois:     It protects you from poison.
 s - an amulet of the acrobat (around neck)
 I - a +4 ring of protection (right hand)
Wands
 m - a wand of flame (42)
 J - a wand of polymorph (8)
Scrolls
 a - 2 scrolls of enchant armour {unknown}
 b - 2 scrolls of immolation
 d - 2 scrolls of summoning
 e - 2 scrolls of enchant weapon {unknown}
 k - 2 scrolls of blinking {unknown}
 r - a scroll of torment {unknown}
 v - 2 scrolls of noise {unknown}
 w - 3 scrolls of magic mapping {unknown}
 x - a scroll of poison {unknown}
 y - a scroll of acquirement {unknown}
 B - 3 scrolls of silence {unknown}
 H - a scroll of identify
Potions
 f - a potion of invisibility {unknown}
 g - 2 potions of heal wounds
 h - 2 potions of might
 j - a potion of experience {unknown}
 l - 2 potions of flight
 n - 3 potions of brilliance
 t - 3 potions of resistance
 z - 3 potions of curing {unknown}
 A - 2 potions of attraction
 E - 2 potions of cancellation {unknown}
 G - a potion of magic {unknown}


   Skills:
 + Level 6.9(11.9) Fighting
 * Level 15.4(20.4) Ranged Weapons
 - Level 6.0(11.0) Dodging
 - Level 6.0(11.0) Stealth
 + Level 0.0 Invocations
 + Level 0.0 Evocations


You had 9 spell levels left.
You didn't know any spells.
Your spell library contained the following spells:

 Spells                   Type           Power      Damage    Failure   Level
 Beastly Appendage        Tmut           0%         N/A       41%         1
 Sublimation of Blood     Necr           0%         N/A       56%         2
 Wereblood                Tmut           0%         N/A       56%         2
 Spider Form              Tmut/Pois      0%         N/A       80%         3
 Fireball                 Conj/Fire      0%         3d3       100%        5
 Starburst                Conj/Fire      0%         6d3       100%        6
 Ignition                 Fire           0%         3d3       100%        8
 Summon Hydra             Summ           Unusable   N/A       N/A         7

Dungeon Overview and Level Annotations

Branches:
Dungeon (8/15)             Temple (1/1) D:4            Lair (0/5) D:8
Ossuary (visited)          Bailey (1/1)

Altars:
Ashenzari
Cheibriados
Dithmenos
Elyvilon
Fedhas
Gozag
Hepliaklqana
Kikubaaqudgha
Makhleb
Nemelex Xobeh
Okawaru
Qazlal
Ru
Sif Muna
Trog
Uskayaw
Vehumet
Wu Jian
Xom
Yredelemnul
Zin
The Shining One

Shops:
D:1 *   D:3 [[(*   D:7 (


Message History

The orc warlord hits you with a +3 broad axe!
The orc hits you with a +0 hand axe.
Fire: p) +6 sling of Mirphilask {speed, Contam Int+5}
Press: ? - help, Q - select action, (/) - cycle Shift-Dir - straight line, f/p - orc warlord
Aim: an orc warlord, wielding a +3 broad axe and wearing a +0 chain mail (flame, heavily wounded, inner flame, 81% to hit)
You shoot a sling bullet.
The sling bullet closely misses the orc warlord.
Fire: p) +6 sling of Mirphilask {speed, Contam Int+5}
Press: ? - help, Q - select action, (/) - cycle Shift-Dir - straight line, f/p - orc warlord
Aim: an orc warlord, wielding a +3 broad axe and wearing a +0 chain mail (flame, heavily wounded, inner flame, 81% to hit)
You shoot a sling bullet. The sling bullet hits the orc warlord!
Flame seeps out of the orc warlord.
The orc warlord is severely wounded.
The orc warlord's inner flame fades away.
The orc warlord is engulfed in blazing flames.
The orc warlord misses you. The orc misses you.
You feel much better.
The orc warlord is engulfed in blazing flames.
The orc warlord hits you with a +3 broad axe!!
The orc hits you but does no damage.
Fire: p) +6 sling of Mirphilask {speed, Contam Int+5}
Press: ? - help, Q - select action, (/) - cycle Shift-Dir - straight line, f/p - orc warlord
Aim: an orc warlord, wielding a +3 broad axe and wearing a +0 chain mail (flame, almost dead, 81% to hit)
You shoot a sling bullet. The sling bullet hits the orc warlord.
The orc warlord is almost dead.
The orc warlord is engulfed in blazing flames.
The orc warlord hits you with a +3 broad axe!
The orc hits you with a +0 hand axe.
Fire: p) +6 sling of Mirphilask {speed, Contam Int+5}
Press: ? - help, Q - select action, (/) - cycle Shift-Dir - straight line, f/p - orc warlord
Aim: an orc warlord, wielding a +3 broad axe and wearing a +0 chain mail (almost dead, 81% to hit)
You shoot a sling bullet.
The sling bullet completely misses the orc warlord.
Fire: p) +6 sling of Mirphilask {speed, Contam Int+5}
Press: ? - help, Q - select action, (/) - cycle Shift-Dir - straight line, f/p - orc warlord
Aim: an orc warlord, wielding a +3 broad axe and wearing a +0 chain mail (almost dead, 81% to hit)
You shoot a sling bullet. The sling bullet hits the orc warlord!
The orc warlord is almost dead.
The orc warlord hits you with a +3 broad axe!!
You die...

..... ## .o .⌠....
####### .##))
......##.....## ..')
.....o'.......# .)##
.....##)......## )).#
... #.........# )).## 8
##.........## ....#
#'###.....oo....#
...###...###....@....##
...#.......#.........#
..##.......##.......##
..#.........#.......#
.##.........##.....##
##...........####'##
.##.........##.....##
..#......o..#.......#
..##.....o.##.......##


You could see an orc warlord and an orc (strong).

Vanquished Creatures
  Maggie (D:6)
  Sigmund (D:6)
  Grum (D:8)
  2 water moccasins (D:7)
  9 orc warriors (Bailey)
  2 ice beasts
  2 black bears
  2 sky beasts
  2 ogres (D:6)
  2 wolves
  3 centaurs
  A bullfrog (D:8)
  A kobold brigand (D:8)
  3 elf zombies (Ossuary)
  2 necrophages
  3 scorpions (D:5)
  5 wights (D:6)
  6 killer bees
  A howler monkey (D:4)
  A centaur zombie (Ossuary)
  2 human zombies
  7 orc priests
  3 hounds
  A jelly (D:4)
  2 gnoll boudas
  2 iguanas (D:5)
  6 orc wizards
  2 hound zombies (Ossuary)
  A hound skeleton (D:4)
  3 mummies (Ossuary)
  22 gnolls
  9 adders
  3 adder zombies (Ossuary)
  2 worms
  4 dart slugs
  36 orcs
  8 bats
  6 endoplasms
  4 giant cockroaches
  24 goblins
  14 hobgoblins
  7 jackals
  7 quokkas
  12 ball pythons
  3 gnoll zombies (Ossuary)
  3 goblin zombies (Ossuary)
  7 hobgoblin zombies (Ossuary)
  2 jackal zombies (Ossuary)
  12 kobolds
  2 kobold zombies (Ossuary)
  6 quokka zombies (Ossuary)
  9 rats
  A rat zombie (Ossuary)
282 creatures vanquished.

Notes
Turn   | Place    | Note
-------+----------+-------------------------------------------
     0 | D:1      | LustLizard the Deep Elf Hunter began the quest for the Orb.
     0 | D:1      | Reached XP level 1. HP: 12/12 MP: 3/3
   227 | D:1      | Found Liusmab's Assorted Antiques.
   270 | D:1      | Reached XP level 2. HP: 17/17 MP: 4/4
   380 | D:1      | Reached XP level 3. HP: 21/21 MP: 5/5
   387 | D:1      | Found a faded altar of an unknown god.
   729 | D:1      | Bought a murky dark potion for 25 gold pieces
   729 | D:1      | Bought a bubbling brown potion for 25 gold pieces
   755 | D:1      | Reached skill level 6 in Ranged Weapons
   795 | D:2      | Identified the ring of the Falcon {rElec rPois rF+ Dex+6}
  1114 | D:2      | Identified the +6 sling of Mirphilask {speed, Contam Int+5}
  1200 | D:2      | Reached XP level 4. HP: 26/26 MP: 6/6
  1764 | D:1      | Bought a smoky emerald potion for 25 gold pieces
  1822 | D:3      | Found Jotooh's General Store.
  1915 | D:3      | Noticed an ice beast
  2157 | D:3      | Found Ite Ythro's Armour Shop.
  2222 | D:3      | Killed an ice beast
  2223 | D:3      | Reached skill level 7 in Ranged Weapons
  2223 | D:3      | Reached XP level 5. HP: 31/31 MP: 7/7
  2248 | D:3      | Found Xieck's Armour Shop.
  2288 | D:3      | Found Bigyraurgh's Weapon Boutique.
  2339 | D:3      | Reached XP level 6. HP: 36/36 MP: 8/8
  2487 | D:1      | Bought a scroll labelled JIYFI BUENA for 28 gold pieces
  2487 | D:1      | Bought a scroll labelled VEIREX NAOM for 28 gold pieces
  2622 | D:4      | Found a staircase to the Ecumenical Temple.
  2648 | Temple   | Entered the Ecumenical Temple
  2655 | Temple   | Became a worshipper of Warmaster Okawaru
  3194 | D:4      | Reached skill level 8 in Ranged Weapons
  3200 | D:5      | Entered Level 5 of the Dungeon
  3563 | D:5      | Reached XP level 7. HP: 41/41 MP: 9/9
  3624 | D:5      | Found a sand-covered staircase.
  3636 | D:5      | Reached * piety under Okawaru
  3644 | Ossuary  | Entered an ossuary
  3817 | Ossuary  | Reached skill level 5 in Dodging
  4100 | Ossuary  | Reached skill level 9 in Ranged Weapons
  4100 | Ossuary  | Reached skill level 5 in Stealth
  4861 | D:4      | Reached XP level 8. HP: 48/48 MP: 10/10
  5066 | D:4      | Found a burning altar of Makhleb.
  5312 | D:5      | Reached skill level 10 in Ranged Weapons
  5511 | D:5      | You fall into a shaft and drop 2 floors!
  5593 | D:6      | Reached ** piety under Okawaru
  5789 | D:6      | Noticed Sigmund
  5793 | D:6      | Noticed Maggie
  5937 | D:5      | Reached skill level 11 in Ranged Weapons
  6468 | D:3      | Bought a +2 helmet of see invisible for 215 gold pieces
  6916 | D:6      | Identified the +7 flail of the Three Spirits {drain, rF-
                  | Dex+8 SInv}
  6932 | D:6      | Killed Sigmund
  6933 | D:6      | Reached skill level 5 in Fighting
  6933 | D:6      | Reached XP level 9. HP: 54/54 MP: 11/11
  6960 | D:6      | Reached skill level 12 in Ranged Weapons
  7080 | D:6      | Found a bloodstained altar of Trog.
  7080 | D:6      | Found a snail-covered altar of Cheibriados.
  7131 | D:6      | Killed Maggie
  7131 | D:6      | Reached *** piety under Okawaru
  7314 | D:6      | Found an ornate altar of the Wu Jian Council.
  7554 | D:7      | Reached skill level 13 in Ranged Weapons
  7564 | D:7      | Found Ymaakkemoa's Firing Range.
  8106 | D:8      | Reached **** piety under Okawaru
  8124 | D:7      | Reached skill level 14 in Ranged Weapons
  8333 | D:8      | Found a staircase to the Lair.
  8356 | D:8      | Reached XP level 10. HP: 53/61 MP: 12/12
  8398 | D:8      | Noticed Grum
  8630 | D:8      | Killed Grum
  8647 | D:8      | Found a flagged portal.
  8653 | Bailey   | Entered a bailey
  9453 | Bailey   | Reached skill level 15 in Ranged Weapons
  9690 | Bailey   | Reached ***** piety under Okawaru
  9988 | Bailey   | Noticed an orc warlord
 10022 | Bailey   | Slain by an orc warlord

Illustrated notes

Levels and vault maps discovered:
D:1:      lightli_arrival_lavapool, layout_rooms,
          hellmonk_ecumenical_altar_zigzags, serial_shops,
          nicolae_shop_advertising_works [nicolae_subvault_shop_adworks]
D:2:      layout_loops_ring
D:3:      layout_loops_ring, serial_shops, shop, shop, nicolae_shop_statue_plus,
          nicolae_shop_statue_plus
D:4:      layout_basic, makhleb_blood_cavern_becter,
          minmay_temple_entry_statues_pillars, minmay_fractal_squares_gapless_5
D:5:      layout_basic, enter_ossuary_3, due_unseen_surprise
D:6:      hellmonk_destroyed_diamonds, layout_rooms,
          mainiacjoe_overflow_surrounded_room, gammafunk_temple_overflow_pools,
          uniq_maggie, uniq_sigmund
D:7:      layout_basic, nicolae_shop_firing_range
D:8:      layout_basic, dpeg_oklobed_lair, serial_shops, kennysheep_little_box,
          enter_bailey_3, uniq_grum
Temple:   nicolae_temple_no_exploring_needed
Bailey:   bailey_axe_minmay_hex_keep, bailey

Skill      XL: |  1  2  3  4  5  6  7  8  9 10 |
---------------+-------------------------------+-----
Stealth        | 2 3 4 5 6 |  6.0
Dodging        | 3 4 5 6 |  6.0
Ranged Weapons | 6 7 8 9 11 14 15 | 15.4
Fighting       | 2 3 5 6 |  6.9

Action                   |  1- 3 |  4- 6 |  7- 9 | 10-12 || total
-------------------------+-------+-------+-------+-------++-------
Melee: Sling             |       |     2 |       |       ||     2
 Fire: Shortbow          |    93 |       |       |       ||    93
       Sling             |     2 |   168 |   453 |   204 ||   827
       Arbalest          |     1 |       |       |       ||     1
Invok: Heroism           |       |       |       |     1 ||     1
Evoke: Wand              |       |       |       |     6 ||     6
  Use: Scroll            |       |       |     8 |     3 ||    11
       Potion            |       |       |     1 |     2 ||     3
Armor: Leather armour    |    13 |    10 |    10 |       ||    33
       Ring mail         |       |       |    18 |     5 ||    23
Dodge: Dodged            |    30 |    24 |    63 |    48 ||   165
